Map: Catalyst LE

Players

SpeCial

  • Race: Terran Terran
  • Spawn Location: 11:00

Zest - Winner!

  • Race: Protoss Protoss
  • Spawn Location: 5:00

Event: IEM Season 12 - Katowice

VOD

Have the link to the VOD?

Description

Time

  • Played on: Feb. 27, 2018, 6:06 a.m.
  • Length: 9:15

All games in this series

Show
View Real Time Build Order
Export as new Build Order

SpeCial Terran 

Build Orders: Cyclone Opening, Gas First Reaper Expand, Reaper Expand, MMM Bio 

Get SALT Encoding   

  12  0:00  SCV  
  13  0:12  SCV  
  14  0:18  Supply Depot  
  14  0:24  SCV  
  14  0:28  Refinery  
  15  0:40  SCV  
  16  0:44  Barracks  
  16  0:52  SCV  
  17  1:04  SCV  
  18  1:16  SCV  
  19  1:32  Reaper, Orbital Command  
  20  1:46  Command Center  
  20  1:56  Factory  
  20  2:00  SCV  
  21  2:05  Barracks Reactor  
  21  2:12  SCV  
  22  2:18  Engineering Bay  
  22  2:21  Supply Depot  
  22  2:25  SCV  
  23  2:30  Refinery  
  23  2:43  Cyclone, SCV  
  27  2:45  Marine  
  27  2:46  Marine  
  28  2:55  Supply Depot, SCV  
  29  3:08  SCV  
  29  3:11  Marine  
  31  3:20  SCV  
  31  3:21  Cyclone  
  33  3:29  Marine  
  33  3:32  SCV  
  34  3:44  SCV  
  34  3:47  Cyclone  
  37  4:00  Orbital Command  
  37  4:05  SCV  
  38  4:14  Barracks Tech Lab  
  38  4:17  SCV  
  38  4:19  Bunker  
  39  4:28  SCV  
  39  4:29  SCV  
  40  4:40  SCV, Marine x2, Barracks  
  40  4:41  SCV, Siege Tank  
  40  4:45  Supply Depot  
  47  4:52  SCV  
  48  4:53  SCV  
  48  4:56  Engineering Bay  
  48  4:58  Marine x2, Barracks  
  51  5:04  SCV  
  51  5:05  SCV  
  53  5:13  Supply Depot, Siege Tank  
  56  5:16  Marine x2  
  56  5:17  SCV x2  
  60  5:22  Terran Infantry Weapons Level 1  
  60  5:24  Refinery  
  60  5:27  Barracks Tech Lab  
  60  5:29  SCV x2  
  60  5:34  Marine x2  
  64  5:39  Supply Depot  
  64  5:40  Supply Depot  
  64  5:41  SCV  
  64  5:42  SCV  
  66  5:53  SCV, Stimpack, Marine  
  66  5:55  Starport  
  66  5:56  SCV  
  69  6:00  Marine x2  
  69  6:02  Supply Depot  
  69  6:03  Factory Reactor  
  71  6:09  Marine, Combat Shields  
  71  6:10  Marine  
  72  6:16  Barracks  
  72  6:18  Barracks  
  72  6:20  Missile Turret, Marine x2  
  74  6:28  Marauder  
  74  6:29  Marauder  
  74  6:31  Supply Depot  
  79  6:38  Marine x2  
  80  6:44  Medivac x2  
  80  6:45  Factory Reactor  
  84  6:49  Marauder  
  84  6:52  Supply Depot  
  84  6:53  Marauder  
  88  6:56  Marine x2  
  88  6:57  Supply Depot  
  90  7:07  Marine  
  90  7:08  Marine  
  92  7:10  Marauder  
  92  7:13  Marine  
  92  7:14  Marine, Medivac x2, Marauder  
  102  7:25  Marine x2  
  102  7:26  Widow Mine  
  106  7:31  Marine x2  
  106  7:32  Widow Mine, Marauder  
  106  7:34  Supply Depot  
  106  7:36  Marauder  
  114  7:37  Supply Depot  
  114  7:41  Supply Depot  
  114  7:43  Marine  
  115  7:45  Marine  
  115  7:49  Marine x2  
  118  7:56  Widow Mine x2, Marauder  
  118  7:57  Marauder  
  126  8:01  Marine  
  126  8:03  Marine  
  128  8:10  Marine x2  
  130  8:17  Widow Mine x2, Marauder  
  134  8:24  Marine  
  134  8:25  Marauder  
  110  8:35  Marine x2  
  110  8:39  Marauder  
  110  8:40  Widow Mine  
  110  8:41  Widow Mine  
  117  8:46  Marine, Marauder  
  89  8:54  Marine x2  
Show
View Real Time Build Order
Export as new Build Order

Zest Protoss - Winner!

Build Orders: Blink Stalkers 

Get SALT Encoding   

  12  0:00  Probe  
  13  0:12  Probe  
  14  0:17  Pylon  
  14  0:25  Probe (Chrono Boost)  
  15  0:37  Probe (Chrono Boost)  
  15  0:38  Gateway  
  16  0:43  Probe (Chrono Boost)  
  16  0:47  Assimilator  
  17  0:53  Probe  
  18  1:05  Probe  
  18  1:08  Pylon  
  19  1:17  Probe  
  20  1:26  Cybernetics Core  
  20  1:27  Zealot  
  20  1:29  Probe  
  23  1:51  Nexus  
  23  1:59  Stalker (Chrono Boost)  
  23  2:03  Warp Gate  
  23  2:05  Probe  
  26  2:10  Assimilator  
  26  2:17  Probe  
  26  2:19  Stalker (Chrono Boost)  
  30  2:30  Probe  
  30  2:35  Gateway  
  30  2:53  Stalker (Chrono Boost)  
  30  2:56  Pylon  
  31  3:03  Probe x2  
  33  3:09  Twilight Council  
  33  3:19  Stalker (Chrono Boost)  
  35  3:36  Probe  
  34  3:42  Probe, Blink (Chrono Boost)  
  34  3:48  Probe  
  36  3:55  Probe  
  37  4:00  Probe (Chrono Boost)  
  38  4:07  Probe (Chrono Boost)  
  39  4:12  Probe (Chrono Boost)  
  39  4:14  Gateway  
  39  4:15  Gateway  
  39  4:16  Robotics Facility  
  41  4:18  Probe (Chrono Boost)  
  41  4:20  Probe (Chrono Boost)  
  41  4:23  Probe (Chrono Boost)  
  42  4:26  Probe  
  44  4:33  Probe, Stalker  
  47  4:39  Probe  
  47  4:45  Probe  
  49  4:48  Pylon  
  49  4:50  Nexus  
  49  4:55  Assimilator  
  49  4:58  Probe  
  49  4:59  Probe  
  51  5:03  Observer (Chrono Boost)  
  52  5:13  Probe  
  52  5:14  Probe  
  55  5:21  Forge, Observer (Chrono Boost)  
  55  5:22  Forge  
  55  5:28  Pylon  
  55  5:30  Probe x2  
  55  5:33  Charge (Chrono Boost)  
  57  5:42  Pylon  
  57  5:51  Gateway  
  57  5:52  Protoss Ground Weapons Level 1 (Chrono Boost), Protoss Ground Armor Level 1 (Chrono Boost), Gateway  
  57  5:57  Immortal (Chrono Boost)  
  59  6:08  Gateway x2  
  59  6:16  Sentry  
  60  6:20  Zealot x2, Sentry  
  60  6:21  Probe x2  
  60  6:22  Probe  
  69  6:26  Pylon  
  69  6:27  Pylon  
  69  6:33  Probe, Immortal (Chrono Boost)  
  69  6:34  Probe x2  
  69  6:37  Pylon  
  76  6:49  Probe x3  
  79  7:01  Stalker x5  
  81  7:05  Stalker  
  91  7:09  Pylon  
  91  7:14  Probe x3  
  94  7:16  Pylon  
  94  7:19  Immortal  
  98  7:27  Pylon  
  98  7:36  Probe  
  99  7:39  Pylon  
  99  7:46  Pylon  
  99  7:49  Zealot x2  
  99  7:50  Zealot x6  
  115  7:58  Pylon  
  115  8:11  Stalker x5  
  115  8:12  Zealot x3  
  115  8:34  Zealot x8  
  111  8:39  Observer (Chrono Boost)  
  100  8:56  Probe x3  
  99  9:06  Stalker x6  
  99  9:07  Zealot x2  

Tags
 
Add a new tag
Caveats
  • Supply blocks, unpowered buildings, or Contaminate may cause inaccurate times.
  • Supply counts are checked every 10 seconds.